 Dungeon Crawl Stone Soup version 0.23-a0-141-g456867d (webtiles) character file.

45 galech the Chopper (level 3, -5/29 HPs)
             Began as a Demonspawn Monk on Aug 31, 2018.
             Slain by a gnoll
             ... wielding a +0 club
              (7 damage)
             ... on level 1 of the Dungeon.
             The game lasted 00:01:36 (1034 turns).

galech the Chopper (Demonspawn Monk)                Turns: 1034, Time: 00:01:37

Health: -5/29      AC:  5    Str: 11    XL:     3   Next: 42%
Magic:  3/3        EV:  9    Int: 11    God:
Gold:   65         SH:  7    Dex: 18    Spells: 2/2 levels left

rFire    . . .     SeeInvis +   a - +0 hand axe
rCold    . . .     Gourm    .   q - +0 shield
rNeg     . . .     Faith    .   l - +0 ring mail (curse)
rPois    .         Spirit   .   (no helmet)
rElec    .         Reflect  .   (no cloak)
rCorr    .         Harm     .   (no gloves)
MR       .....                  (no boots)
Stlth    ++........             (no amulet)
HPRegen  0.09/turn              d - ring of see invisible
MPRegen  0.08/turn              (no ring)

@: no status effects
A: thin skeletal structure 1
a: no special abilities


You were on level 1 of the Dungeon.
You were hungry.

You visited 1 branch of the dungeon, and saw 2 of its levels.

You collected 65 gold pieces.

Inventory:

Hand Weapons
 a - a +0 hand axe (weapon)
Armour
 f - a +0 buckler
 l - a cursed +0 ring mail (worn)
 q - a +0 shield (worn)
Jewellery
 d - a ring of see invisible (left hand)
Scrolls
 j - a scroll of magic mapping {unknown}
 m - 2 scrolls of identify {unknown}
 o - a scroll of enchant weapon {unknown}
 p - a scroll of enchant armour {unknown}
Potions
 b - a potion of agility {unknown}
 e - a potion of berserk rage {unknown}
 g - a potion of flight {unknown}
 i - a potion of heal wounds {unknown}
 k - a potion of cancellation {unknown}
 n - 2 potions of curing {unknown}
 r - a potion of might {unknown}
Comestibles
 c - 2 rations
 h - 5 chunks of flesh


   Skills:
 + Level 3.2 Fighting
 + Level 3.5 Axes
 + Level 0.3 Armour
 + Level 2.9 Dodging
 + Level 1.8 Stealth
 + Level 0.2 Shields


You had 2 spell levels left.
You didn't know any spells.
Your spell library was empty.

Dungeon Overview and Level Annotations

Branches:
Dungeon (2/15)

Altars:


Innate Abilities, Weirdness & Mutations

You have a somewhat thin skeletal structure. (Dex +2, Stealth)


Message History

You are too injured to fight recklessly!
You are too injured to fight recklessly!
You are too injured to fight recklessly!
You block the gnoll's attack. The gnoll hits you but does no damage.
There is a stone staircase leading up here.
You block the gnoll's attack.
You climb upwards.
You are feeling hungry.
There is a stone staircase leading down here.
You closely miss the gnoll. The gnoll completely misses you.
You hit the gnoll but do no damage. The gnoll barely misses you.
You hit the gnoll.
The gnoll is moderately wounded.
The gnoll hits you with a club.
* * * LOW HITPOINT WARNING * * *
Your shield prevents you from hitting the gnoll.
The gnoll is moderately wounded.
The gnoll hits you with a club!
You die...

########.# #.......##... #.#
###.#.####.## #.#######
#....####.## #.......###
#.........#. ##........#
#...#####... #..#.#.#.# #...#
###. #########..#...#.###
#...#######.
#..........##..g...###....)....#.
#......##..##..#@.........)....#.
#.......#........................
#......>.........................
#..........##.##.#.###...#####..#
######.###.##.##.#.# #..........#
### #.##.[....# #...######.#
##### #.......### #...# #.# ....#
####.########...# #.. ###.# #.#
#.......# ###


You could see a gnoll.

Vanquished Creatures
  An ooze (D:1)
  5 dart slugs
  3 giant cockroaches
  3 goblins
  3 hobgoblins (D:1)
  A ball python (D:1)
  6 bats
  A frilled lizard (D:2)
  3 kobolds
  6 rats
32 creatures vanquished.

Notes
Turn   | Place    | Note
-------+----------+-------------------------------------------
     0 | D:1      | galech the Demonspawn Monk began the quest for the Orb.
     0 | D:1      | Reached XP level 1. HP: 18/18 MP: 1/1
   159 | D:1      | Gained mutation: You have a somewhat thin skeletal
                  | structure. (Dex +2, Stealth) [demonic ancestry]
   159 | D:1      | Reached XP level 2. HP: 22/24 MP: 2/2
   381 | D:1      | Reached XP level 3. HP: 17/29 MP: 3/3
  1034 | D:1      | Slain by a gnoll

Vault maps used:
D:1:      lightli_arrival_quake, minmay_tromino_v2
D:2:      nemelex_altar_shiori

Skill      XL: |  1 |
---------------+----+-----
Axes           | 3 |  3.5
Fighting       | |  3.2
Armour         | |  0.3
Dodging        | |  2.9
Stealth        | |  1.8
Shields        | |  0.2

Action                   || total
-------------------------++-------
Melee: Hand axe          ||    93
 Stab: Sleeping          ||     3
Armor: Robe              ||     3
       Ring mail         ||    17
Dodge: Dodged            ||    51
Block: Buckler           ||    12
       Shield            ||     5

Table legend:
 A = Non-vault XP
 B = Vault XP
 C = Vault XP percentage of total XP
 D = Non-vault monster count
 E = Vault monster count
 F = Vault count percentage of total count
                 A         B        C        D         E       F
            +---------+---------+-------+---------+---------+-------
      Total |      62 |       3 |   4.6 |      30 |       2 |   6.2
            +---------+---------+-------+---------+---------+-------
        D:1 |      45 |       3 |   6.2 |      21 |       2 |   8.7
        D:2 |      17 |       0 |   0.0 |       9 |       0 |   0.0
            +---------+---------+-------+---------+---------+-------
